 Dungeon Crawl Stone Soup version 0.29-a0-270-g1586fc07ea (webtiles) character file.

Game seed: 4484468281907141725

72123 fragbeetle the Severer (level 15, -2/160 HPs)
             Began as a Troll Cinder Acolyte on Mar 7, 2022.
             Was a Follower of Wu Jian.
             Slain by an orc knight
             ... wielding a +0 great mace
             ... anointed by Ignis
              (9 damage)
             ... on level 2 of the Orcish Mines on Mar 8, 2022.
             The game lasted 01:07:47 (22054 turns).

fragbeetle the Severer (Troll Cinder Acolyte)      Turns: 22054, Time: 01:07:48

Health: -2/160     AC:  8    Str: 34    XL:     15   Next: 0%
Magic:  15/15      EV: 12    Int: 12    God:    Wu Jian [*.....]
Gold:   1718       SH: 12    Dex: 12    Spells: 13/16 levels left

rFire   . . .      SeeInvis .   A - +4 war axe of Mana {vorpal, Dex+5}
rCold   . . .      Faith    .   E - +2 kite shield
rNeg    . . .      Spirit   .   S - +0 troll leather armour
rPois   .          Reflect  .   (helmet restricted)
rElec   .          Harm     .   P - +1 cloak
rCorr   .          Rampage  .   (gloves unavailable)
Will    +....                   (boots unavailable)
Stlth   +.........              C - amulet of Vitality {Regen+ HP+15}
HPRegen 2.76/turn               Q - +4 ring of evasion
MPRegen 0.14/turn               H - +6 ring of strength

@: fire susceptible
A: large, unfitting armour, claws 3, regeneration 1, shaggy fur 1, tough skin 1
a: Renounce Religion


You were on level 2 of the Orcish Mines.
You worshipped Wu Jian.
Wu Jian was aware of your devotion.
You visited 4 branches of the dungeon, and saw 20 of its levels.
You also visited: Ossuary, Gauntlet and Ice Cave.

You collected 2329 gold pieces.
You spent 611 gold pieces at shops.

Inventory:

Hand Weapons
 a - a -1 hand axe of flaming
 n - a +2 longbow of flaming
 A - the +4 war axe of Mana (weapon) {vorpal, Dex+5}
   (You found it on level 7 of the Dungeon)

   It inflicts extra damage upon your enemies.
   Dex:       It affects your dexterity (+5).
 I - a +0 shortbow of freezing
 K - the +7 long sword of the Sea {protect, +Blink rElec Will+ Dex+3}
   (You found it on level 6 of the Lair of Beasts)

   It grants its wielder temporary protection when it strikes (+7 to AC).
   Dex:       It affects your dexterity (+3).
   rElec:     It insulates you from electricity.
   +Blink:    It lets you blink.
   Will:      It increases your willpower.
Missiles
 f - 6 datura-tipped darts
 h - 5 atropa-tipped darts
 y - 10 boomerangs (quivered)
 F - 5 silver javelins
 G - 23 poisoned darts
 T - a throwing net
Armour
 E - a +2 kite shield (worn)
 P - a +1 cloak (worn)
 S - a +0 troll leather armour (worn)
Jewellery
 e - an amulet of reflection
 C - the amulet of Vitality (around neck) {Regen+ HP+15}
   (You found it on level 6 of the Lair of Beasts)

   [amulet of regeneration]

   HP:        It affects your health (+15).
   Regen:     It increases your rate of health regeneration.
 D - a ring of resist corrosion
 H - a +6 ring of strength (right claw)
 Q - a +4 ring of evasion (left claw)
Wands
 c - a wand of paralysis (5)
 u - a wand of mindburst (9)
 B - a wand of iceblast (22)
 O - a wand of flame (18)
 V - a wand of polymorph (4)
 Z - a wand of acid (3)
Scrolls
 b - 3 scrolls of fog
 g - 4 scrolls of torment
 i - 5 scrolls of teleportation
 l - 7 scrolls of fear
 m - a scroll of holy word
 q - 7 scrolls of immolation
 t - a scroll of silence
 v - 6 scrolls of blinking
 L - 3 scrolls of enchant armour
 M - 5 scrolls of vulnerability
 N - 3 scrolls of amnesia
 W - a scroll of summoning {unknown}
 X - a scroll of magic mapping
Potions
 d - 3 potions of flight
 j - 3 potions of ambrosia
 k - 5 potions of brilliance
 o - 10 potions of curing
 p - 2 potions of heal wounds
 r - 4 potions of lignification
 s - 2 potions of cancellation
 w - 3 potions of attraction
 x - 2 potions of magic
 z - a potion of haste
 J - a potion of might {unknown}
 U - 2 potions of mutation
Miscellaneous
 R - a box of beasts


   Skills:
 - Level 8.4 Fighting
 - Level 16.0 Axes
 - Level 10.0 Shields
 - Level 1.0 Spellcasting
 - Level 5.0 Fire Magic
 + Level 8.7 Evocations


You had 13 spell levels left.
You knew the following spells:

 Your Spells              Type           Power      Damage    Failure   Level
a - Scorch                Fire           24%        2d6       12%         2
b - Apportation           Tloc           0%         N/A       52%         1

Your spell library contained the following spells:

 Spells                   Type           Power      Damage    Failure   Level
 Animate Skeleton         Necr           0%         N/A       52%         1
 Magic Dart               Conj           0%         1d3       52%         1
 Shock                    Conj/Air       0%         1d3       52%         1
 Summon Small Mammal      Summ           0%         N/A       52%         1
 Corpse Rot               Necr/Air       0%         N/A       67%         2
 Ensorcelled Hibernation  Hex/Ice        0%         N/A       67%         2
 Passwall                 Tmut/Erth      0%         N/A       67%         2
 Poisonous Vapours        Pois/Air       0%         N/A       67%         2
 Searing Ray              Conj           0%         2d4       67%         2
 Gell's Gravitas          Tloc           0%         N/A       88%         3
 Stone Arrow              Conj/Erth      0%         3d7       88%         3
 Swiftness                Air            0%         N/A       88%         3
 Teleport Other           Tloc           0%         N/A       88%         3
 Airstrike                Air            0%         N/A       99%         4
 Animate Armour           Summ/Erth      0%         N/A       99%         4
 Fulminant Prism          Conj/Hex       0%         3d6       99%         4
 Iskenderun's Mystic Bla  Conj/Tloc      0%         2d3       99%         4
 Fireball                 Conj/Fire      3%         3d4       99%         5
 Iskenderun's Battlesphe  Conj           0%         2d6       100%        5
 Lee's Rapid Deconstruct  Erth           0%         3d5*      100%        5
 Conjure Ball Lightning   Conj/Air       0%         3x3d6     100%        6
 Dispersal                Tloc           0%         N/A       100%        6
 Iron Shot                Conj/Erth      0%         9d1       100%        6
 Orb of Destruction       Conj           0%         9d5       100%        7
 Spellforged Servitor     Conj/Summ      0%         N/A       100%        7
 Disjunction              Tloc           0%         N/A       100%        8
 Lehudib's Crystal Spear  Conj/Erth      0%         10d2      100%        8


Dungeon Overview and Level Annotations

Branches:
Dungeon (11/15)            Temple (1/1) D:4            Lair (6/6) D:9
 Shoals (0/4) Lair:3        Snake (0/4) Lair:4        Slime (0/5) Lair:5
    Orc (2/2) D:9             Elf (0/3) Orc:2       Ossuary (visited)
  IceCv (visited)         Gauntlet (visited)

Altars:
Ashenzari
Cheibriados
Dithmenos
Elyvilon
Fedhas
Gozag
Hepliaklqana
Kikubaaqudgha
Makhleb
Nemelex Xobeh
Okawaru
Qazlal
Ru
Sif Muna
Trog
Uskayaw
Vehumet
Wu Jian
Xom
Yredelemnul
Zin
The Shining One

Shops:
D:2 (   D:5 !   Orc:1 ?

Annotations:
D:6 1 runed translucent door
Lair:1 exclusion: oklob plant
Lair:3 exclusion: hydra
Orc:1 1 runed translucent door, exclusion: door, pigah's ghost, journeyman OpAE


Innate Abilities, Weirdness & Mutations

You are too large for most types of armour.
You have claws for hands.
Your natural rate of healing is unusually fast.
You are covered in fur. (AC +1)
You have tough skin. (AC +1)


Message History

The bolt of acid hits the orc knight!!
The acid corrodes the orc knight!
The orc knight is heavily wounded.
The bolt of acid hits the orc warrior!!
The orc warrior is severely wounded.
The orc knight roars a battlecry!
The orc warrior goes into a battle-frenzy!
Unknown command.
You lunge at the orc warrior.
You barely miss the orc warrior.
The orc warrior is severely wounded.
You barely miss the orc knight. The orc warrior closely misses you.
The orc knight unwields a +0 arbalest.
The orc knight wields a +0 great mace.
The orc knight barely misses you.
Ignis anoints the orc knight as an instrument of vengeance!
The orc knight is coated in flames, covering ground quickly and attacking fiercely!
Items here: ))) †.
You completely miss the orc knight.
The orc knight is heavily wounded.
You closely miss the orc warrior. You block the orc warrior's attack.
The orc knight hits you with a +0 great mace!!!
You are engulfed in flames!
You hear a shout!
Unknown command.
You hit the orc knight.
The orc knight is heavily wounded.
You closely miss the orc warrior. You block the orc warrior's attack.
Unknown command.
You slash the orc knight!
The orc knight is severely wounded.
You hit the orc warrior but do no damage.
The orc knight hits you with a +0 great mace!!!
You are engulfed in flames!
* * * LOW HITPOINT WARNING * * *
Unknown command.
You barely miss the orc knight.
The orc knight is severely wounded.
You closely miss the orc warrior. The orc warrior barely misses you.
The orc knight hits you with a +0 great mace!!!
* * * LOW HITPOINT WARNING * * *
You are engulfed in flames!
You die...

###.........#### #.......).....
..... ..# ##........#... ...o.c.
..# ##........... ...c...
##..#### ###.^.......
#..##..##...##.### #.........
........... #.)).#####.......
..........###..)..###........
........o.#o@))#.##.##.......
..........)o).######.........
...............##.##.....#...
...........#...#.......####..
...........##...........# #..
............##...........###..
...............#..##.....###...
..................##.......##...
.............##....###.....#....


You could see an orc knight (strong, flame-wreathed, corroded) and an orc
warrior (strong).

Vanquished Creatures
  Nessos (Lair:6)
  A dire elephant (Lair:6)
  A minotaur (Gauntlet)
  A boulder beetle (Lair:6)
  4 hydras
  3 catoblepae
  2 two-headed ogres
  2 centaur warriors (Orc:2)
  6 death yaks (Lair:4)
  2 lindwurms (Lair:6)
  2 orc knights (Orc:2)
  2 orc sorcerers
  An oklob plant (Lair:6)
  3 manticores
  14 black mambas
  24 elephants
  A gargoyle (D:10)
  4 torpor snails
  3 rime drakes
  15 cane toads
  A freezing wraith (IceCv)
  11 komodo dragons
  5 trolls
  11 polar bears (Lair:6)
  3 hornets
  6 raiju (Lair:6)
  9 blink frogs
  A slime creature (Lair:5)
  7 dream sheep (Lair:6)
  Sigmund (D:2)
  A shadow (D:9)
  A water elemental (D:11)
  10 wyverns
  45 yaks
  A wraith (D:11)
  6 basilisks
  6 humans (D:9)
  2 steam dragons (D:8)
  Menkaure (D:4)
  5 wargs
  11 hell hounds (Lair:6)
  Duvessa (D:4)
  26 water moccasins
  2 sky beasts
  11 black bears (Lair:6)
  3 ice beasts
  14 orc warriors
  27 wolves
  An ogre (Orc:2)
  6 centaurs
  2 phantoms (D:6)
  2 kobold brigands
  Blork the orc (D:6)
  12 bullfrogs
  An elf zombie (Ossuary)
  4 scorpions
  2 necrophages (D:7)
  A cane toad simulacrum (Lair:1)
  9 wights
  3 killer bees (D:9)
  Dowan (D:4)
  2 elephant simulacra (IceCv)
  5 howler monkeys (D:9)
  5 electric eels
  A centaur zombie (Ossuary)
  7 hounds
  A human zombie (Ossuary)
  9 jellies
  12 orc priests
  13 orc wizards
  5 iguanas
  A hell rat (Lair:6)
  Natasha (thrice) (D:2)
  A polar bear simulacrum (IceCv)
  A wolf simulacrum (IceCv)
  4 mummies
  Robin (D:2)
  5 adders
  A shadow imp (D:6)
  A white imp (D:5)
  2 adder zombies (Ossuary)
  2 worms
  2 dart slugs
  56 orcs
  8 ball pythons
  4 bats
  20 endoplasms
  4 giant cockroaches
  18 goblins
  8 hobgoblins
  6 jackals
  21 kobolds
  7 quokkas
  3 frilled lizards (D:2)
  A goblin zombie (Ossuary)
  10 hobgoblin zombies
  A jackal skeleton (D:6)
  A jackal zombie (Ossuary)
  13 kobold zombies
  7 orc zombies
  9 rats
  3 rat zombies (Ossuary)
649 creatures vanquished.

Vanquished Creatures (others)
  A water elemental (D:11)
  18 foxfires (D:6)
  42 fungi
  80 plants
141 creatures vanquished.

Grand Total: 790 creatures vanquished

Notes
Turn   | Place    | Note
-------+----------+-------------------------------------------
     0 | D:1      | fragbeetle the Troll Cinder Acolyte began the quest for the
                  | Orb.
     0 | D:1      | Reached XP level 1. HP: 22/22 MP: 1/1
    40 | D:1      | Reached XP level 2. HP: 28/29 MP: 2/2
    50 | D:1      | Learned a level 2 spell: Scorch
   461 | D:1      | Reached skill level 3 in Axes
   463 | D:1      | Reached XP level 3. HP: 36/36 MP: 3/3
   849 | D:2      | Noticed Robin
   970 | D:2      | Noticed Sigmund
   989 | D:2      | Killed Sigmund
   990 | D:2      | Reached skill level 4 in Axes
   990 | D:2      | Reached XP level 4. HP: 23/44 MP: 2/4
   990 | D:2      | Reached XP level 5. HP: 26/50 MP: 2/5
  1058 | D:2      | Noticed Natasha
  1064 | D:2      | Killed Natasha
  1065 | D:2      | Reached skill level 5 in Axes
  1374 | D:2      | Killed Robin
  1375 | D:2      | Reached XP level 6. HP: 10/59 MP: 6/6
  1660 | D:2      | Found Maf Cyu's Weapon Emporium.
  1743 | D:2      | Noticed Natasha
  1761 | D:2      | Killed Natasha
  1839 | D:2      | Noticed Natasha
  1853 | D:2      | Killed Natasha
  2852 | D:2      | Found Maf Cyu's Weapon Emporium.
  3496 | D:2      | Found Maf Cyu's Weapon Emporium.
  4860 | D:4      | Noticed Menkaure
  4935 | D:4      | Killed Menkaure
  4936 | D:4      | Reached skill level 6 in Axes
  5105 | D:4      | Found a sacrificial altar of Ru.
  5133 | D:4      | Noticed a sky beast
  5155 | D:4      | Killed a sky beast
  5156 | D:4      | Reached XP level 7. HP: 44/66 MP: 0/7
  5157 | D:4      | Found an ancient bone altar of Kikubaaqudgha.
  5225 | D:4      | Found a radiant altar of Vehumet.
  5226 | D:4      | Found a white marble altar of Elyvilon.
  5404 | D:4      | Noticed Dowan
  5424 | D:4      | Reached skill level 7 in Axes
  5545 | D:4      | Learned a level 1 spell: Apportation
  5562 | D:4      | Noticed Duvessa
  5586 | D:4      | Killed Duvessa
  5591 | D:4      | Killed Dowan
  5811 | D:4      | Found a staircase to the Ecumenical Temple.
  5948 | D:5      | Entered Level 5 of the Dungeon
  6056 | D:5      | Reached XP level 8. HP: 72/78 MP: 8/8
  6148 | D:5      | Found Ocyt's Distillery.
  6152 | D:5      | You fall into a shaft and drop 1 floor!
  6265 | D:6      | Reached skill level 5 in Fighting
  6391 | D:6      | Noticed a two-headed ogre
  6423 | D:6      | Killed a two-headed ogre
  6720 | D:6      | Reached XP level 9. HP: 93/93 MP: 2/9
  7113 | D:5      | Bought a potion of heal wounds for 65 gold pieces
  7113 | D:5      | Bought a potion of haste for 130 gold pieces
  7439 | D:6      | Noticed Blork the orc
  7446 | D:6      | Killed Blork the orc
  7640 | D:6      | Found a runed translucent door.
  7688 | D:6      | Found a basalt altar of Yredelemnul.
  7833 | D:7      | Identified the +4 war axe of Mana {vorpal, Dex+5}
  8028 | D:7      | Found a burning altar of Makhleb.
  8470 | D:7      | Reached skill level 5 in Fire Magic
  9019 | D:8      | Found a sand-covered staircase.
  9039 | Ossuary  | Entered an ossuary
  9083 | Ossuary  | Reached skill level 8 in Axes
  9183 | Ossuary  | Reached XP level 10. HP: 105/105 MP: 10/10
  9742 | D:9      | Reached skill level 9 in Axes
  9840 | D:9      | Reached skill level 10 in Axes
  9840 | D:9      | Reached skill level 1 in Shields
 10003 | D:9      | Reached XP level 11. HP: 91/113 MP: 11/11
 10011 | D:9      | Reached skill level 5 in Shields
 10330 | D:9      | Found a staircase to the Lair.
 10447 | D:9      | Found a staircase to the Orcish Mines.
 10677 | D:10     | Entered Level 10 of the Dungeon
 10780 | D:10     | Found a hide-covered altar of Uskayaw.
 10780 | D:10     | Noticed a +0 hand axe
 10781 | D:10     | Noticed a +0 dagger
 12054 | Lair:1   | Entered Level 1 of the Lair of Beasts
 12092 | Lair:1   | Found a frozen archway.
 12112 | IceCv    | Entered an ice cave
 12248 | Lair:1   | Reached XP level 12. HP: 118/122 MP: 12/12
 12327 | Lair:1   | Reached skill level 10 in Shields
 14090 | Lair:2   | Noticed an eight-headed hydra
 14680 | Lair:2   | Killed a six-headed hydra
 14681 | Lair:2   | Reached skill level 11 in Axes
 14965 | Lair:3   | Noticed an eight-headed hydra
 15040 | Lair:3   | Found a staircase to the Shoals.
 15153 | Lair:3   | Reached skill level 12 in Axes
 15543 | Lair:4   | Noticed a death yak
 15544 | Lair:4   | Noticed a death yak
 15544 | Lair:4   | Noticed a death yak
 15608 | Lair:4   | Found a gate leading to a gauntlet.
 15631 | Gauntlet | Entered a Gauntlet
 15631 | Gauntlet | Found a transporter.
 15640 | Gauntlet | Found a transporter.
 15640 | Gauntlet | Noticed a catoblepas
 15643 | Gauntlet | Found a transporter.
 15644 | Gauntlet | Found a transporter.
 15655 | Gauntlet | Found a transporter.
 15656 | Gauntlet | Found a transporter.
 15657 | Gauntlet | Noticed a catoblepas
 15660 | Gauntlet | Found a transporter.
 15665 | Gauntlet | Found a transporter.
 15667 | Gauntlet | Found a transporter.
 15668 | Gauntlet | Found a transporter.
 15675 | Gauntlet | Noticed a ghost crab
 15676 | Gauntlet | Found a transporter.
 15679 | Gauntlet | Found a transporter.
 15680 | Gauntlet | Found a transporter.
 15687 | Gauntlet | Noticed an entropy weaver
 15688 | Gauntlet | Found a transporter.
 15940 | Gauntlet | Noticed a minotaur
 15949 | Gauntlet | Killed a minotaur
 16215 | Lair:4   | Reached skill level 13 in Axes
 16245 | Lair:4   | Noticed a death yak
 16293 | Lair:4   | Killed a death yak
 16294 | Lair:4   | Reached XP level 13. HP: 98/128 MP: 13/13
 16326 | Lair:4   | Identified the +4 glaive "Cusowupa" {spect, rF++ Int+4
                  | Dex+5}
 16519 | Lair:4   | Found a staircase to the Snake Pit.
 16977 | Lair:4   | Reached skill level 14 in Axes
 17799 | Lair:5   | Found a staircase to the Slime Pits.
 17870 | Lair:5   | Reached skill level 15 in Axes
 18034 | Lair:6   | Entered Level 6 of the Lair of Beasts
 18069 | Lair:6   | Found the amulet of Vitality {Regen+ HP+15}
 18145 | Lair:6   | Found a glowing silver altar of Zin.
 18184 | Lair:6   | Noticed Nessos
 18201 | Lair:6   | Killed Nessos
 18434 | Lair:6   | Reached XP level 14. HP: 137/137 MP: 14/14
 18546 | Lair:6   | Reached skill level 16 in Axes
 18555 | Lair:6   | Reached skill level 1 in Evocations
 18848 | Lair:6   | HP: 4/152 [polar bear (17)]
 18972 | Lair:6   | Identified the +7 long sword of the Sea {protect, +Blink
                  | rElec Will+ Dex+3}
 19043 | Lair:6   | Reached skill level 5 in Evocations
 20233 | Orc:1    | Entered Level 1 of the Orcish Mines
 20233 | Orc:1    | Found Veowero's Magic Scroll Shoppe.
 20261 | Orc:1    | Bought a scroll of amnesia for 56 gold pieces
 20261 | Orc:1    | Bought a scroll of holy word for 120 gold pieces
 20261 | Orc:1    | Bought a scroll of blinking for 120 gold pieces
 20261 | Orc:1    | Bought a scroll of vulnerability for 120 gold pieces
 20441 | Orc:1    | Noticed pigah's ghost (journeyman OpAE)
 20478 | Orc:1    | Found a runed translucent door.
 20697 | Orc:2    | Entered Level 2 of the Orcish Mines
 21184 | Temple   | Entered the Ecumenical Temple
 21314 | Temple   | Fell from the grace of Ignis
 21314 | Temple   | Became a worshipper of the Wu Jian Council
 21550 | Orc:2    | Found a staircase to the Elven Halls.
 21995 | Orc:2    | Reached * piety under Wu Jian
 22047 | Orc:2    | Reached XP level 15. HP: 138/145 MP: 15/15
 22054 | Orc:2    | HP: 7/160 [orc knight/+0 great mace[Ignis] (39)]
 22054 | Orc:2    | Slain by an orc knight

Illustrated notes

Levels and vault maps discovered:
D:1:      dpeg_arrival_houses_and_road, layout_loops_ring
D:2:      layout_basic, serial_shops, shop, uniq_sigmund, uniq_natasha,
          uniq_robin
D:3:      layout_basic
D:4:      layout_basic, minitemple, nicolae_ru_sacrificial_ziggurat,
          minmay_temple_entry_proselytizer, minmay_misc_feat_rugged,
          uniq_duvessa, uniq_menkaure
D:5:      layout_gridville, serial_shops, shop
D:6:      layout_loops_ring, dk_yredelemnul_ordeal, uniq_blork_the_orc
D:7:      layout_gridville, mainiacjoe_overflow_concentric_impassable,
          hangedman_decor_diamond_cutter, minmay_mini_ossuary
D:8:      layout_gridville, gup_ossuary_entry_pyramid, serial_park_tiny_2
D:9:      erik_cavepeople, layout_small_grid, minmay_lair_entry_grove
D:10:     layout_rooms, dancing_weapons_uskayaw
D:11:     layout_gridville, kennysheep_boxes
Temple:   regret_index_temple_waves
Lair:1:   lemuel_slime, layout_layer_cave, portal_ice_cave_entry_ice_simulacra,
          serial_bayou_shore_a
Lair:2:   layout_layer_cave, hangedman_lair_generics_rect
Lair:3:   layout_roguey, elwin_shoals_entry_rocks, grunt_megastairs_2
Lair:4:   layout_gridlike, minmay_snake_entry_six_corridors,
          gauntlet_entry_generic, dreamdust_mushroom_princess,
          nicolae_quartered_pool_super, beast_lair_carwin_6
Lair:5:   layout_roguey, minmay_slime_entry_pillars, grunt_megastairs_4,
          infiniplex_staircase_pool_2
Lair:6:   hangedman_lair_caniforms_friends, layout_big_grid,
          hangedman_lair_in_review, serial_bayou_pond_e, lemuel_oklob_altar,
          uniq_nessos
Orc:1:    layout_caves, hellmonk_ghost_happy_afterlife, serial_shops,
          nicolae_shop_temple_entry_statues_fountains, lightli_orcish_oven
Orc:2:    st_orc_rangers, layout_diamond_mine

Skill      XL: |  1  2  3  4  5  6  7  8  9 10 11 12 13 14 |
---------------+-------------------------------------------+-----
Axes           | 3 4 5 6 7 8 10 13 15 16 | 16.0
Fire Magic     | 3 5 |  5.0
Fighting       | 4 7 8 |  8.4
Shields        | 4 9 10 | 10.0
Evocations     | 8 |  8.7
Spellcasting   | |  1.0

Action                   |  1- 3 |  4- 6 |  7- 9 | 10-12 | 13-15 || total
-------------------------+-------+-------+-------+-------+-------++-------
Melee: Hand axe          |   144 |   168 |   121 |     2 |    11 ||   446
       Punch             |       |     2 |     5 |     3 |       ||    10
       War axe           |       |       |   208 |   706 |   929 ||  1843
Throw: Dart              |       |       |     1 |     7 |    12 ||    20
       Boomerang         |       |       |       |     6 |     2 ||     8
       Javelin           |       |       |       |       |     2 ||     2
 Cast: Scorch            |     1 |     5 |    27 |     3 |       ||    36
Invok: Fiery Armour      |       |       |     2 |     3 |       ||     5
       Foxfire Swarm     |       |       |     1 |       |       ||     1
       Lunge             |       |       |       |       |     9 ||     9
       Whirlwind         |       |       |       |       |     3 ||     3
Evoke: Wand              |       |       |       |     6 |    17 ||    23
       Box of beasts     |       |       |       |     1 |     1 ||     2
  Use: Potion            |     1 |       |     4 |     1 |     1 ||     7
       Scroll            |       |       |     9 |     8 |     2 ||    19
 Stab: Sleeping          |       |       |       |     1 |       ||     1
       Paralysed         |       |       |       |       |     3 ||     3
       Distracted        |       |       |       |       |     1 ||     1
Armor: Robe              |    45 |    50 |    62 |       |       ||   157
       Steam dragon scal |       |       |    14 |   107 |       ||   121
       Troll leather arm |       |       |       |    74 |   198 ||   272
Dodge: Dodged            |    53 |    57 |   125 |   222 |   258 ||   715
Block: Other             |    17 |    36 |    50 |       |       ||   103
       Reflection        |       |     2 |     2 |       |       ||     4
       Kite shield       |       |       |       |   318 |   540 ||   858

Table legend: (Time is in decaauts)
 A = Elapsed time spent in this place.
 B = Non-inter-level travel time spent in this place.
 C = Inter-level travel time spent in this place.
 D = Time resting spent in this place.
 E = Time spent auto-exploring this place.
 F = Levels seen in this place.
 G = Mean time per level.
                   A        B        C        D        E       F      G
               +--------+--------+--------+--------+--------+-----+--------+
         Total |  22073 |  20467 |   1606 |    497 |  12486 |  23 |  959.7 |
       Dungeon |  12390 |  11385 |   1005 |    147 |   8222 |  11 | 1126.4 |
        Temple |    162 |    114 |     48 |      0 |    101 |   1 |  162.0 |
          Lair |   7481 |   7021 |    460 |    300 |   3639 |   6 | 1246.8 |
  Orcish Mines |   1387 |   1295 |     92 |     36 |    410 |   2 |  693.5 |
       Ossuary |    215 |    215 |      0 |      0 |      0 |   1 |  215.0 |
      Ice Cave |    101 |    101 |      0 |     14 |      0 |   1 |  101.0 |
      Gauntlet |    334 |    334 |      0 |      0 |    114 |   1 |  334.0 |
               +--------+--------+--------+--------+--------+-----+--------+

Top non-repeatable levels by time:
     D:2: 2960 daAuts
  Lair:6: 1904 daAuts
  Lair:4: 1423 daAuts
  Lair:2: 1336 daAuts
  Lair:1: 1305 daAuts
     D:7: 1294 daAuts
     D:9: 1222 daAuts
     D:4: 1099 daAuts
     D:3: 1098 daAuts
     D:6: 1096 daAuts
     D:1: 870 daAuts
     D:5: 799 daAuts
  Lair:5: 768 daAuts
  Lair:3: 742 daAuts
    D:11: 740 daAuts
